 Dungeon Crawl Stone Soup version 0.29.1-1-gd02db6906a (webtiles) character file.

Game seed: 12181936069840607731

26129 Condegh the Geomancer (level 13, -18/79 HPs)
             Began as a Gargoyle Earth Elementalist on Oct 22, 2022.
             Was an Elder of Vehumet.
             Killed from afar by a rime drake (30 damage)
             ... with a flash freeze
             ... on level 4 of the Lair of Beasts.
             The game lasted 01:39:14 (19168 turns).

Condegh the Geomancer (GrEE)                       Turns: 19168, Time: 01:39:15

Health: -18/79     AC: 14    Str: 12    XL:     13   Next: 24%
Magic:  1/26       EV: 12    Int: 21    God:    Vehumet [****..]
Gold:   817        SH:  7    Dex: 10    Spells: 23/30 levels left

rFire   + . .      SeeInvis .   x - +3 morningstar
rCold   . . .      Faith    .   F - +2 buckler
rNeg    + + .      Spirit   .   a - +0 robe
rPois   ∞          Reflect  .   p - +0 helmet
rElec   +          Harm     .   (no cloak)
rCorr   .          Rampage  .   i - +0 pair of gloves
Will    .....                   n - +0 pair of boots
Stlth   ++........              (no amulet)
HPRegen 0.23/turn               K - ring of positive energy
MPRegen 0.20/turn               J - ring of protection from fire

@: no status effects
A: sickness immunity, AC +9, negative energy resistance 1, electricity
resistance, torment resistance 1, petrification resistance
a: Renounce Religion


You were on level 4 of the Lair of Beasts.
You worshipped Vehumet.
Vehumet was greatly pleased with you.
You visited 3 branches of the dungeon, and saw 15 of its levels.

You collected 850 gold pieces.
You spent 33 gold pieces at shops.

Inventory:

Hand Weapons
 x - a +3 morningstar (weapon)
 H - the +1 mace of Fatigue {distort, rPois Dex+3}
   (You found it on level 2 of the Lair of Beasts)

   It warps and distorts space around it, and may blink, banish, or inflict
   extra damage upon those it strikes.
   Unwielding it can cause banishment or high damage.
   Dex:       It affects your dexterity (+3).
   rPois:     It protects you from poison.
Armour
 a - a +0 robe (worn)
 c - a +0 kite shield
 i - a +0 pair of gloves (worn)
 k - the +6 scale mail of the Raven {rF+ rCorr Dex-5}
   (You took it off a wight on level 8 of the Dungeon)

   Dex:       It affects your dexterity (-5).
   rF:        It protects you from fire.
   rCorr:     It protects you from acid and corrosion.
 n - a +0 pair of boots (worn)
 p - a +0 helmet (worn)
 F - a +2 buckler (worn)
 N - the +5 scale mail of Curiosity {rC+ Slay+2}
   (You found it on level 3 of the Lair of Beasts)

   Slay:      It affects your accuracy & damage with ranged weapons and melee
   (+2).
   rC:        It protects you from cold.
Jewellery
 b - a ring of magical power
 j - a ring of see invisible
 v - a ring of resist corrosion
 J - a ring of protection from fire (right hand)
 K - a ring of positive energy (left hand)
 O - an amulet of guardian spirit
Wands
 w - a wand of flame (34)
 y - a wand of mindburst (11)
 C - a wand of quicksilver (10)
 P - a wand of roots (4)
 Q - a wand of polymorph (6)
Scrolls
 d - 10 scrolls of teleportation
 e - a scroll of butterflies
 l - 2 scrolls of fear
 o - 3 scrolls of summoning
 q - 4 scrolls of enchant weapon
 t - 2 scrolls of magic mapping
 A - 2 scrolls of poison
 B - a scroll of amnesia {unknown}
 E - a scroll of immolation {unknown}
 I - a scroll of blinking {unknown}
 L - a scroll of enchant armour {unknown}
Potions
 f - 6 potions of curing
 g - 3 potions of heal wounds
 h - 4 potions of brilliance
 m - a potion of invisibility
 r - 2 potions of ambrosia
 s - a potion of might
 u - 5 potions of mutation {unknown}
 z - 6 potions of haste
 G - 2 potions of flight
Miscellaneous
 D - a box of beasts
 M - a tin of tremorstones (2/2)


   Skills:
 + Level 8.4 Fighting
 - Level 5.0 Maces & Flails
 - Level 5.0 Dodging
 - Level 2.1 Stealth
 - Level 5.0 Shields
 + Level 9.0 Spellcasting
 + Level 9.9 Conjurations
 - Level 0.7 Transmutations
 + Level 9.6 Fire Magic
 - Level 10.0 Earth Magic
 - Level 5.0 Evocations


You had 23 spell levels left.
You knew the following spells:

 Your Spells              Type           Power      Damage    Failure   Level
a - Sandblast             Erth           100%       2d20      1%          1
b - Stone Arrow           Conj/Erth      100%       3d13      1%          3
c - Conjure Flame         Conj/Fire      50%        6-21      1%          3

Your spell library contained the following spells:

 Spells                   Type           Power      Damage    Failure   Level
 Fulminant Prism          Conj/Hex       15%        3d11      3%          4
 Passwall                 Tmut/Erth      26%        N/A       1%          2
 Ignite Poison            Fire/Tmut/Pois 24%        N/A       1%          3
 Inner Flame              Hex/Fire       29%        N/A       1%          3
 Mephitic Cloud           Conj/Pois/Air  23%        N/A       1%          3
 Beastly Appendage        Tmut           24%        N/A       7%          1
 Apportation              Tloc           18%        N/A       9%          1
 Necrotise                Necr           36%        1d5       9%          1
 Summon Small Mammal      Summ           36%        N/A       9%          1
 Petrify                  Tmut/Erth      32%        N/A       10%         4
 Wereblood                Tmut           12%        N/A       11%         2
 Blink                    Tloc           18%        N/A       14%         2
 Ensorcelled Hibernation  Hex/Ice        18%        N/A       14%         2
 Freezing Cloud           Conj/Ice/Air   11%        6-21      17%         5
 Spider Form              Tmut/Pois      11%        N/A       24%         3
 Ozocubu's Armour         Ice            9%         N/A       26%         3
 Swiftness                Air            9%         N/A       26%         3
 Borgnjor's Vile Clutch   Necr/Erth      15%        N/A       32%         5
 Animate Dead             Necr           9%         N/A       65%         4
 Cause Fear               Hex            4%         N/A       65%         4
 Spellforged Servitor     Conj/Summ      15%        N/A       91%         7
 Death Channel            Necr           4%         N/A       100%        6
 Ozocubu's Refrigeration  Ice            4%         4d8       100%        7
 Discord                  Hex            4%         N/A       100%        8


Dungeon Overview and Level Annotations

Branches:
Dungeon (9/15)             Temple (1/1) D:6            Lair (5/5) D:9
 Shoals (0/4) Lair:2       Spider (0/4) Lair:2
  Slime: Lair:4-5       Orc: D:9-12

Altars:
Ashenzari
Cheibriados
Dithmenos
Elyvilon
Fedhas
Gozag
Hepliaklqana
Kikubaaqudgha
Makhleb
Nemelex Xobeh
Okawaru
Qazlal
Ru
Sif Muna
Trog
Uskayaw
Vehumet
Wu Jian
Xom
Yredelemnul
Zin
The Shining One

Shops:
D:1 (   D:2 ?   D:3 :   D:5 [

Annotations:
Lair:3 3 runed translucent doors, Irhican's ghost, journeyman MiBe


Innate Abilities, Weirdness & Mutations

You are immune to sickness and miasma.
Your stone body is resilient. (AC +9)
You are immune to poison.
You resist negative energy. (rN+)
You are resistant to electric shocks. (rElec)
You are resistant to unholy torment.
You are immune to petrification.


Message History

The blink frog barely misses you.
The blink frog hits you but does no damage.
You closely miss the blink frog.
The blink frog is heavily wounded.
The blink frog hits you. The rime drake misses you.
You barely miss the blink frog.
The blink frog is heavily wounded.
The blink frog hits you!
* * * LOW HITPOINT WARNING * * *
The blink frog blinks!
The rime drake bites you.
* * * LOW HITPOINT WARNING * * *
The rime drake bites you but does no damage.
The blink frog blinks!
The rime drake breathes ice at you. The flash freeze hits you.
* * * LOW HITPOINT WARNING * * *
You are encased in ice.
The blink frog hits you.
* * * LOW HITPOINT WARNING * * *
You climb upwards.
There is a stone staircase leading down here.
Casting: Stone Arrow (safe; 1% risk of failure)
Confirm with . or Enter, or press ? or * to list all spells.
Aiming: Stone Arrow (safe; 1% risk of failure)
Press: ? - help, Shift-Dir - straight line, f - rime drake
Aim: a rime drake (catching its breath, 72% to hit)
The stone arrow hits the rime drake!!
The rime drake is almost dead.
The ice encasing you melts away.
The rime drake bites you but does no damage.
You miss the rime drake.
The rime drake is almost dead.
The rime drake bites you.
* * * LOW HITPOINT WARNING * * *
The rime drake misses you.
You closely miss the rime drake.
The rime drake is almost dead.
The rime drake breathes ice at you. The flash freeze hits you!!
You die...

#. ####### ## #.##..# #.
##....### ## #P....#.##
##.......# #........###
#[......k..# #
#.......@..## ###
#...........# ####..
#..........## ##....#
##...........#######..####
#............##.#....#.#
##................######
###..............##
#.#..P#...#..#...#
##........###...##


You could see a rime drake (catching breath).

Vanquished Creatures
  A boulder beetle (Lair:3)
  5 hydras
  A two-headed ogre (D:5)
  11 elephants
  3 black mambas
  7 cane toads
  2 torpor snails (Lair:3)
  2 kobold demonologists (D:9)
  4 rime drakes
  4 komodo dragons
  Grinder (D:3)
  A polar bear (Lair:1)
  A hornet (D:9)
  Prince Ribbit (D:8)
  7 blink frogs
  8 dream sheep
  Sigmund (D:3)
  10 yaks
  A wyvern (Lair:5)
  A basilisk (Lair:1)
  A steam dragon (Lair:2)
  Grum (D:8)
  8 water moccasins
  An ice beast (D:6)
  2 orc warriors (D:9)
  2 sky beasts (D:7)
  18 wolves
  3 centaurs
  3 kobold brigands
  A gnoll sergeant (D:7)
  10 bullfrogs
  A necrophage (D:6)
  6 scorpions
  20 wights
  2 electric eels
  A howler monkey (D:3)
  6 crimson imps (D:7)
  5 hounds
  A jelly (D:6)
  2 orc priests
  A gnoll bouda (D:8)
  Jessica (D:2)
  Natasha (thrice) (D:2)
  3 iguanas
  2 orc wizards
  Robin (D:2)
  16 gnolls
  9 adders
  3 shadow imps
  A white imp (D:7)
  An ufetubus (D:7)
  5 worms
  3 dart slugs
  33 orcs
  5 endoplasms
  8 giant cockroaches
  9 goblins
  14 hobgoblins
  7 jackals
  14 kobolds
  8 quokkas
  4 ball pythons
  2 bats
  3 frilled lizards
  8 rats
330 creatures vanquished.

Vanquished Creatures (others)
  25 fungi
  26 plants
  2 withered plants (D:1)
53 creatures vanquished.

Grand Total: 383 creatures vanquished

Notes
Turn   | Place    | Note
-------+----------+-------------------------------------------
     0 | D:1      | Condegh the Gargoyle Earth Elementalist began the quest for
                  | the Orb.
     0 | D:1      | Reached XP level 1. HP: 10/10 MP: 3/3
   385 | D:1      | Reached XP level 2. HP: 16/16 MP: 0/5
   628 | D:1      | Found a faded altar of an unknown god.
   643 | D:1      | Reached skill level 1 in Fighting
   643 | D:1      | Reached skill level 4 in Earth Magic
   648 | D:1      | Reached XP level 3. HP: 20/20 MP: 0/6
   655 | D:1      | Learned a level 3 spell: Stone Arrow
   931 | D:1      | Found Rejat's Weapon Emporium.
  1316 | D:2      | Found Tiude's Magic Scroll Boutique.
  1321 | D:2      | Bought a scroll of teleportation for 33 gold pieces
  1604 | D:2      | Reached XP level 4. HP: 25/25 MP: 5/7
  1693 | D:2      | Noticed Jessica
  1695 | D:2      | Killed Jessica
  1696 | D:2      | Reached skill level 1 in Conjurations
  1793 | D:2      | Got Ruly's Directory of Dislocation and Confrontation
  1798 | D:2      | Learned a level 3 spell: Conjure Flame
  1831 | D:2      | Noticed Natasha
  1833 | D:2      | Killed Natasha
  1834 | D:2      | Reached skill level 1 in Maces & Flails
  1962 | D:2      | Noticed Robin
  1963 | D:2      | Reached XP level 5. HP: 30/30 MP: 6/9
  2095 | D:2      | Killed Robin
  2184 | D:2      | Noticed Natasha
  2190 | D:2      | Killed Natasha
  2250 | D:2      | Reached skill level 1 in Fire Magic
  2484 | D:2      | Noticed Natasha
  2488 | D:2      | Killed Natasha
  2570 | D:3      | Found an ancient bone altar of Kikubaaqudgha.
  2585 | D:3      | Reached XP level 6. HP: 35/35 MP: 5/10
  2774 | D:3      | Found a glowing silver altar of Zin.
  2853 | D:3      | Noticed Grinder
  2861 | D:3      | Paralysed by Grinder for 5 turns
  2869 | D:3      | Killed Grinder
  2870 | D:3      | Reached skill level 5 in Earth Magic
  2870 | D:3      | Reached XP level 7. HP: 26/40 MP: 3/12
  3168 | D:3      | Found Iwasuym's Book Shoppe.
  3170 | D:3      | Noticed Sigmund
  3173 | D:3      | Killed Sigmund
  3285 | D:3      | You fall into a shaft and drop 2 floors!
  3285 | D:5      | Entered Level 5 of the Dungeon
  3316 | D:5      | Found a hazy altar of Hepliaklqana.
  3360 | D:5      | Found a stormy altar of Qazlal.
  3360 | D:5      | Found a broken altar of Ashenzari.
  3721 | D:3      | Reached skill level 6 in Earth Magic
  3726 | D:3      | Reached XP level 8. HP: 44/44 MP: 6/14
  4777 | D:4      | Reached skill level 5 in Conjurations
  5074 | D:5      | Found Yppuud's Armour Boutique.
  5327 | D:5      | Reached skill level 5 in Spellcasting
  5327 | D:5      | Found a shadowy altar of Dithmenos.
  5557 | D:5      | Noticed a two-headed ogre
  5574 | D:5      | Killed a two-headed ogre
  5575 | D:5      | Reached skill level 5 in Fire Magic
  5575 | D:5      | Reached XP level 9. HP: 48/48 MP: 3/17
  6151 | D:6      | Found a glowing golden altar of the Shining One.
  6151 | D:6      | Found a staircase to the Ecumenical Temple.
  6172 | Temple   | Entered the Ecumenical Temple
  6290 | Temple   | Became a worshipper of Vehumet
  6632 | D:6      | Found a sacrificial altar of Ru.
  6730 | D:6      | Reached skill level 1 in Evocations
  7505 | D:7      | Found a hide-covered altar of Uskayaw.
  7826 | D:7      | Reached skill level 1 in Shields
  7832 | D:7      | Reached * piety under Vehumet
  7832 | D:7      | Offered knowledge of Foxfire by Vehumet.
  8182 | D:7      | Reached XP level 10. HP: 56/56 MP: 6/19
  9016 | D:8      | Noticed Prince Ribbit
  9020 | D:8      | Killed Prince Ribbit
  9402 | D:8      | Noticed Grum
  9696 | D:8      | Identified the +6 scale mail of the Raven {rF+ rCorr Dex-5}
  9697 | D:8      | Found an ornate altar of the Wu Jian Council.
  9813 | D:8      | Killed Grum
  9814 | D:8      | Reached skill level 7 in Earth Magic
  9942 | D:7      | Reached ** piety under Vehumet
 10106 | D:8      | Offered knowledge of Searing Ray by Vehumet.
 10612 | D:9      | Found a staircase to the Lair.
 10697 | D:9      | Noticed a kobold demonologist
 10697 | D:9      | Noticed a kobold demonologist
 10698 | D:9      | Noticed a soul eater
 10976 | D:9      | Killed a kobold demonologist
 10988 | D:9      | Killed a kobold demonologist
 11172 | D:9      | Found a blossoming altar of Fedhas.
 11403 | Lair:1   | Entered Level 1 of the Lair of Beasts
 11640 | Lair:1   | Noticed a seven-headed hydra
 11647 | Lair:1   | Killed a seven-headed hydra
 11648 | Lair:1   | Reached XP level 11. HP: 59/62 MP: 6/21
 11828 | Lair:1   | Reached skill level 5 in Fighting
 11971 | Lair:1   | Offered knowledge of Static Discharge by Vehumet.
 12453 | Lair:1   | Reached skill level 8 in Earth Magic
 13497 | Lair:2   | Found a staircase to the Shoals.
 13506 | Lair:2   | Noticed a four-headed hydra
 13513 | Lair:2   | Killed a four-headed hydra
 13743 | Lair:2   | Identified the +5 whip "Impbane" {vorpal, rCorr Str+4}
 14138 | Lair:2   | Noticed a seven-headed hydra
 14144 | Lair:2   | Killed a seven-headed hydra
 14145 | Lair:2   | Reached skill level 5 in Shields
 14279 | Lair:2   | Found a hole to the Spider Nest.
 14296 | Lair:2   | Reached *** piety under Vehumet
 14522 | Lair:2   | Reached XP level 12. HP: 56/71 MP: 0/23
 15150 | Lair:2   | Identified the +1 mace of Fatigue {distort, rPois Dex+3}
 15475 | Lair:2   | Offered knowledge of Iskenderun's Mystic Blast by Vehumet.
 15660 | Lair:2   | Noticed a seven-headed hydra
 15675 | Lair:2   | Killed a seven-headed hydra
 15750 | Lair:3   | Reached skill level 5 in Maces & Flails
 15928 | Lair:3   | Identified the +5 scale mail of Curiosity {rC+ Slay+2}
 16485 | Lair:3   | Reached skill level 9 in Earth Magic
 16485 | Lair:3   | Reached skill level 5 in Evocations
 16680 | Lair:3   | Reached skill level 5 in Dodging
 17018 | Lair:3   | Found a runed translucent gate.
 17018 | Lair:3   | Found a runed translucent gate.
 17018 | Lair:3   | Found a runed translucent gate.
 17019 | Lair:3   | Noticed Irhican's ghost (journeyman MiBe)
 17378 | Lair:3   | Reached **** piety under Vehumet
 17395 | Lair:2   | Reached XP level 13. HP: 28/78 MP: 5/25
 18180 | Lair:4   | Offered knowledge of Fulminant Prism by Vehumet.
 18241 | Lair:4   | Reached skill level 10 in Earth Magic
 19149 | Lair:5   | Entered Level 5 of the Lair of Beasts
 19168 | Lair:4   | Killed from afar by a rime drake

Illustrated notes

Levels and vault maps discovered:
D:1:      sevenhm_arrival_forest_fort_small_3, layout_basic, serial_shops,
          nicolae_lakefront_shop, ebering_ecumenical_altar_petrified,
          minmay_misc_feat_diagonals, nicolae_grassy_gnolls
D:2:      layout_loops_corners, serial_shops, shop_scrolls, uniq_natasha,
          uniq_jessica, uniq_robin
D:3:      layout_loops_ring, nicolae_overflow_crystal_walls,
          lemuel_doored_altar, serial_shops, shop_coins, st_stairs_9,
          uniq_grinder, uniq_sigmund
D:4:      wander_river, layout_basic
D:5:      kennysheep_big_flooded_room, layout_gridville, grunt_dithmenos_smoke,
          grunt_temple_overflow_open, serial_shops, shop
D:6:      minmay_evil_eye, layout_basic, lemuel_coloured_pillars_altar,
          tso_metal_star, minmay_temple_entry_mist
D:7:      layout_basic, kennysheep_mini_moat, minmay_nine_imps
D:8:      layout_loops_corners, amcnicky_altar_gilded, fountainhead, uniq_grum,
          uniq_prince_ribbit1
D:9:      layout_stronghold, mainiacjoe_overflow_cross_hatched,
          dpeg_oklobed_lair, dk_noncrumbling_2
Temple:   bh_familiar_temple
Lair:1:   layout_layer_cave
Lair:2:   layout_cave_pods, elwin_shoals_entry_rooms,
          nicolae_spider_entry_non_spiders
Lair:3:   layout_hall_layers, gammafunk_ghost_necromancy
Lair:4:   layout_cave_pods
Lair:5:   minmay_lair_end_enchanted_forest, layout_regular_city,
          dpeg_slime_entry_enclosed, grunt_megastairs_4

Skill      XL: |  1  2  3  4  5  6  7  8  9 10 11 12 13 |
---------------+----------------------------------------+-----
Fighting       | 1 2 3 4 6 7 8 |  8.4
Earth Magic    | 4 5 6 7 8 9 10 | 10.0
Dodging        | 2 3 4 5 |  5.0
Conjurations   | 1 2 3 4 6 7 8 9 |  9.9
Maces & Flails | 1 2 3 4 5 |  5.0
Spellcasting   | 3 4 5 6 7 8 9 |  9.0
Fire Magic     | 1 2 3 5 6 7 8 9 |  9.6
Evocations     | 1 3 4 5 |  5.0
Shields        | 1 3 5 |  5.0
Stealth        | |  2.1
Transmutations | |  0.7

Action                   |  1- 3 |  4- 6 |  7- 9 | 10-12 | 13-15 || total
-------------------------+-------+-------+-------+-------+-------++-------
Melee: Dagger            |    13 |       |       |       |       ||    13
       Mace              |     2 |     4 |       |       |       ||     6
       Flail             |       |       |    15 |       |       ||    15
       Morningstar       |       |       |    15 |   128 |     8 ||   151
 Cast: Sandblast         |    41 |    63 |    70 |    33 |       ||   207
       Stone Arrow       |       |       |    87 |   299 |    47 ||   433
       Conjure Flame     |       |       |       |     5 |     1 ||     6
Evoke: Wand              |       |       |       |     6 |       ||     6
  Use: Scroll            |       |     3 |     7 |     8 |     2 ||    20
       Potion            |       |       |       |     1 |       ||     1
 Stab: Sleeping          |     1 |       |       |       |       ||     1
Armor: Robe              |     4 |     7 |    28 |   142 |     9 ||   190
Dodge: Dodged            |    13 |    16 |    52 |   189 |    11 ||   281
Block: Buckler           |       |       |     6 |   120 |     5 ||   131
